 Dungeon Crawl Stone Soup version 0.24-a0-235-g3f03afc (webtiles) character file.

Game seed: 18221688632668372557

4365 MatthieuS the Dealer of Despair (level 10, -8/59 HPs)
             Began as a Deep Elf Necromancer on Apr 5, 2019.
             Was an Elder of Kikubaaqudgha.
             Killed from afar by Erolcha (20 damage)
             ... with a bolt of lightning
             ... on level 9 of the Dungeon.
             The game lasted 00:36:26 (10848 turns).

MatthieuS the Dealer of Despair (DENe)             Turns: 10848, Time: 00:36:27

Health: -8/59      AC: 10    Str:  5    XL:     10   Next: 13%
Magic:  4/24       EV: 15    Int: 24    God:    Kikubaaqudgha [****..]
Gold:   136        SH:  0    Dex: 15    Spells: 4/26 levels left

rFire    . . .     SeeInvis .   t - +5 spear (venom)
rCold    . . .     Gourm    .   (no shield)
rNeg     . . .     Faith    .   p - +0 leather armour
rPois    .         Spirit   .   m - +2 helmet
rElec    .         Reflect  .   i - +2 cloak
rCorr    .         Harm     .   (no gloves)
MR       ++...                  C - +0 pair of boots {Stlth+}
Stlth    +++++.....             (no amulet)
HPRegen  0.19/turn              j - ring of wizardry
MPRegen  0.19/turn              l - ring of protection from magic

@: no status effects
A: no striking features
a: Receive Corpses, Renounce Religion


You were on level 9 of the Dungeon.
You worshipped Kikubaaqudgha.
Kikubaaqudgha was greatly pleased with you.
You were not hungry.

You visited 1 branch of the dungeon, and saw 9 of its levels.
You also visited: Ossuary.

You collected 430 gold pieces.
You spent 294 gold pieces at shops.

Inventory:

Hand Weapons
 b - a +2 dagger of electrocution
   (You took it off a goblin on level 1 of the Dungeon)
 k - a +3 vampiric dagger {!w}
   (You took it off an orc wizard on level 6 of the Dungeon)
 t - a +5 spear of venom (weapon)
   (You found it on level 1 of the Dungeon)
Missiles
 h - 5 throwing nets (quivered) {!f}
Armour
 i - a +2 cloak (worn)
   (You found it on level 1 of the Dungeon)
 m - a +2 helmet (worn)
   (You took it off Robin on level 3 of the Dungeon)
 p - a +0 leather armour (worn)
   (You took it off an orc on level 4 of the Dungeon)
 C - a +0 pair of boots of stealth (worn)
   (You bought it in a shop on level 7 of the Dungeon)
Magical Staves
 w - an uncursed staff of death
   (You found it on level 3 of the Dungeon)
Jewellery
 j - a ring of wizardry (left hand)
   (You found it on level 2 of the Dungeon)
 l - a ring of protection from magic (right hand)
   (You found it on level 3 of the Dungeon)
Wands
 d - a wand of iceblast (4)
   (You took it off Pikel on level 5 of the Dungeon)
 u - a wand of paralysis (5)
   (You found it on level 8 of the Dungeon)
 v - a wand of digging (4)
   (You took it off Jessica on level 3 of the Dungeon)
Scrolls
 c - a scroll of immolation {!r}
 f - 6 scrolls of remove curse {@r2}
 g - 8 scrolls of teleportation {@r4}
 o - a scroll of fog
 q - 3 scrolls of blinking
 r - 2 scrolls of holy word
 y - a scroll of silence
 B - a scroll of enchant armour
Potions
 a - 3 potions of lignification {!q}
 n - 2 potions of haste {unknown}
 s - a potion of ambrosia
 x - a potion of resistance {unknown}
 z - a potion of cancellation {unknown}
Comestibles
 e - 16 rations
 D - 5 chunks of flesh


   Skills:
 + Level 5.0 Fighting
 + Level 6.9 Dodging
 + Level 7.8 Stealth
 + Level 8.5 Spellcasting
 - Level 5.5 Charms
 * Level 10.0 Necromancy
 - Level 3.2 Evocations


You had 4 spell levels left.
You knew the following spells:

 Your Spells              Type           Power        Failure   Level  Hunger
a - Pain                  Necr           ####         1%          1    None
b - Animate Dead          Necr           N/A          1%          4    ##.....
c - Agony                 Necr           ######..     1%          5    ####...
d - Dispel Undead         Necr           ######..     1%          5    ####...
e - Regeneration          Chrm/Necr      #####.....   1%          3    None
q - Vampiric Draining     Necr           ######....   1%          3    None
z - Animate Skeleton      Necr           N/A          1%          1    None

Your spell library contained the following spells:

 Spells                   Type           Power        Failure   Level  Hunger
 Sublimation of Blood     Necr           ######....   1%          2    None
 Excruciating Wounds      Chrm/Necr      #####.....   4%          5    ####...
 Death Channel            Necr           ######....   11%         6    ######.


Dungeon Overview and Level Annotations

Branches:
Dungeon (9/15)             Temple (0/1) D:4
   Lair: D:8-11         Orc: D:9-12

Altars:
Cheibriados
Gozag
Hepliaklqana
Kikubaaqudgha
Qazlal
Sif Muna
Uskayaw
Xom

Shops:
D:5 (   D:7 *

Annotations:
D:3 2 transporters, Trogdor's ghost, amateur GrAr
D:6 1 runed translucent door, Crazy Yiuf
D:8 1 runed translucent door, MatthieuS's ghost, novice DENe
D:9 Erolcha


Message History

Your black bear skeleton claws the steam dragon but does no damage.
Your black bear skeleton claws the steam dragon.
The steam dragon breathes steam at your black bear skeleton.
The ball of steam hits your black bear skeleton!
Aim: Erolcha, wielding a +0 giant club and wearing a +0 robe You feel life coursing into your body.
Your black bear skeleton is engulfed in a cloud of scalding steam.
Your black bear skeleton bites the steam dragon.
The steam dragon dies!
Kikubaaqudgha accepts your kill.
Your Necromancy skill increases to level 10!
Erolcha gestures wildly while chanting.
Erolcha flickers and vanishes!
Deactivating autopickup; reactivate with Ctrl-A.
The phantom barely misses you.
Your black bear skeleton is engulfed in a cloud of scalding steam.
You see here a steam dragon corpse.
Aim: a phantom (heavily damaged)
The phantom is dispelled!!!
You destroy the phantom!
Kikubaaqudgha accepts your kill.
Your Fighting skill increases to level 5!
You hear some strange, mumbled words.
A stone arrow appears from out of thin air!
The stone arrow hits you!
Your black bear skeleton is engulfed in a cloud of scalding steam.
An orc wizard comes into view. It is wielding a +0 dagger.
The orc wizard shouts!
The orc wizard casts a spell.
The orc wizard flickers and vanishes!
A worker ant comes into view.
You see here a +0 giant club.
A water moccasin skeleton comes into view.
Something hits your black bear skeleton!!
Your black bear skeleton is destroyed!
A puff of flame appears from out of thin air!
The puff of flame hits you but does no damage.
Unknown command.
There is an open door here.
You close the door.
As you read the scroll of identify {@r1}, it crumbles to dust.
y - a scroll of silence Something unseen opens the door.
You hear some strange, mumbled words.
A bolt of lightning appears from out of thin air!
The bolt of lightning hits you!!
* * * LOW HITPOINT WARNING * * *
The bolt of lightning hits you!!
You die...
Kikubaaqudgha rasps: "You have failed me!
Welcome... death!"

#..##...'. ...##..##...#
#..#........#
##..#........#
#...#.....)..#
#...##..##.†.# # ##
#..###'##%..##...#
.##..##......#...........
.......)..@..#...........
.....##..##..#...........
.## #'###..#...........
#..#...#...........
..##..
#..######..........
>..... #..# #...##..##.
..... ....##..# ....# ..#
#... .....#...#
#..##..##..##..#


There were no monsters in sight!

Vanquished Creatures
  Pikel (D:5)
  A troll (D:9)
  A hornet (D:7)
  Eustachio (D:5)
  An orc warrior (D:8)
  2 sky beasts
  2 black bears
  A slave (D:5)
  2 phantoms
  4 ogres
  3 centaurs
  A big kobold (D:7)
  4 bullfrogs
  5 wights (D:8)
  4 howler monkeys
  A centaur zombie (Ossuary)
  3 crimson imps
  A jelly (D:6)
  A hound (D:4)
  A gnoll shaman (D:8)
  A centaur skeleton (D:6)
  5 orc priests
  A bullfrog skeleton (D:8)
  Jessica (D:3)
  Ijyb (D:3)
  Terence (D:3)
  4 orc wizards
  5 worker ants
  2 big kobold zombies (Ossuary)
  5 mummies (Ossuary)
  Robin (D:3)
  2 worker ant zombies
  14 gnolls
  11 adders
  2 river rats (D:3)
  A shadow imp (D:6)
  2 adder skeletons
  A worm (D:3)
  3 dart slugs (D:1)
  2 leopard geckos
  21 orcs
  3 ball pythons
  6 giant cockroaches
  16 goblins
  12 hobgoblins
  35 jackals
  3 quokkas
  A ball python skeleton (D:6)
  8 bats
  3 frilled lizards
  2 hobgoblin zombies (Ossuary)
  10 kobolds
  8 rats
233 creatures vanquished.

Vanquished Creatures (collateral kills)
  A steam dragon (D:9)
  An ogre (D:7)
  A gnoll sergeant (D:8)
  A wight (D:8)
  2 crimson imps
  A jelly (D:7)
  A hound skeleton (D:4)
  A gnoll (D:8)
  An adder skeleton (D:8)
  2 leopard geckos
  2 orcs
  A goblin (D:3)
  A hobgoblin (D:2)
  A jackal skeleton (D:8)
17 creatures vanquished.

Vanquished Creatures (others)
  A bullfrog zombie (D:5)
1 creature vanquished.

Grand Total: 251 creatures vanquished

Notes
Turn   | Place    | Note
-------+----------+-------------------------------------------
     0 | D:1      | MatthieuS the Deep Elf Necromancer began the quest for the
                  | Orb.
     0 | D:1      | Reached XP level 1. HP: 10/10 MP: 6/6
   272 | D:1      | Reached skill level 5 in Necromancy
   275 | D:1      | Learned a level 1 spell: Animate Skeleton
   278 | D:1      | Reached XP level 2. HP: 11/16 MP: 0/8
   892 | D:1      | Reached skill level 1 in Fighting
  1296 | D:1      | Reached XP level 3. HP: 20/20 MP: 10/10
  1570 | D:2      | Learned a level 3 spell: Vampiric Draining
  1574 | D:2      | Learned a level 3 spell: Regeneration
  1829 | D:2      | Found an opulent altar of Gozag.
  1861 | D:2      | Found a hazy altar of Hepliaklqana.
  1862 | D:2      | Found an ancient bone altar of Kikubaaqudgha.
  1869 | D:2      | Became a worshipper of Kikubaaqudgha
  1988 | D:2      | Reached skill level 1 in Charms
  1988 | D:2      | Reached XP level 4. HP: 22/25 MP: 7/12
  2466 | D:3      | Found a transporter.
  2468 | D:3      | Identified the +9 great mace "Luwipour" {freeze, MR+
                  | Stlth+}
  2468 | D:3      | Noticed an ogre
  2504 | D:3      | Noticed Terence
  2507 | D:3      | Reached * piety under Kikubaaqudgha
  2507 | D:3      | Identified Kikubaaqudgha's Tome of Dark Magic
                  | (Kikubaaqudgha gifted it to you on level 3 of the Dungeon)
  2507 | D:3      | Received a gift from Kikubaaqudgha
  2514 | D:3      | Killed Terence
  2853 | D:3      | Noticed Robin
  2917 | D:3      | Reached XP level 5. HP: 29/30 MP: 9/13
  2930 | D:3      | Killed Robin
  2984 | D:3      | Noticed Ijyb
  3000 | D:3      | Killed Ijyb
  3156 | D:3      | Learned a level 4 spell: Animate Dead
  3455 | D:3      | Reached skill level 1 in Evocations
  3502 | D:3      | Noticed Jessica
  3508 | D:3      | Killed Jessica
  3705 | D:3      | Noticed Trogdor's ghost (amateur GrAr)
  3706 | D:3      | Found a transporter.
  3708 | D:3      | Noticed an ogre
  4023 | D:4      | Reached XP level 6. HP: 27/35 MP: 15/15
  4042 | D:4      | Reached ** piety under Kikubaaqudgha
  4074 | D:4      | Found a staircase to the Ecumenical Temple.
  4298 | D:4      | Reached skill level 6 in Necromancy
  4356 | D:4      | Reached skill level 5 in Spellcasting
  4533 | D:4      | Reached XP level 7. HP: 38/40 MP: 13/16
  4582 | D:4      | Found a sand-covered staircase.
  4586 | Ossuary  | Entered an ossuary
  4738 | D:4      | Found a sparkling altar of Nemelex Xobeh.
  4740 | D:4      | Found a shimmering altar of Xom.
  4740 | D:4      | Found a bloodstained altar of Trog.
  4742 | D:4      | Found a snail-covered altar of Cheibriados.
  4742 | D:4      | Found a stormy altar of Qazlal.
  4742 | D:4      | Found a hazy altar of Hepliaklqana.
  5022 | D:5      | Entered Level 5 of the Dungeon
  5126 | D:5      | Noticed Eustachio
  5156 | D:5      | Noticed Pikel
  5180 | D:5      | Killed Pikel
  5180 | D:5      | Reached skill level 5 in Stealth
  5180 | D:5      | Reached XP level 8. HP: 42/46 MP: 14/19
  5190 | D:5      | Killed Eustachio
  5213 | D:5      | Reached *** piety under Kikubaaqudgha
  5213 | D:5      | Identified Kikubaaqudgha's Papyrus of Evil (Kikubaaqudgha
                  | gifted it to you on level 5 of the Dungeon)
  5213 | D:5      | Received a gift from Kikubaaqudgha
  5221 | D:5      | Learned a level 5 spell: Agony
  5238 | D:5      | Found a deep blue altar of Sif Muna.
  5238 | D:5      | Found a hide-covered altar of Uskayaw.
  5265 | D:5      | Found a snail-covered altar of Cheibriados.
  5357 | D:5      | Found Wasais's Antique Weapon Shoppe.
  5775 | D:6      | Reached skill level 7 in Necromancy
  5938 | D:6      | Reached skill level 5 in Charms
  6577 | D:6      | Found a runed translucent door.
  6578 | D:6      | Noticed Crazy Yiuf
  7179 | D:7      | Reached skill level 5 in Dodging
  7245 | D:7      | Found Isigokol's Assorted Antiques.
  7252 | D:7      | Bought a pair of runed boots for 210 gold pieces
  7252 | D:7      | Bought a scroll labeled PEAFYU BOPO for 28 gold pieces
  7252 | D:7      | Bought a scroll of identify for 56 gold pieces
  7838 | D:7      | Noticed a hornet
  7844 | D:7      | Killed a hornet
  7844 | D:7      | Reached skill level 8 in Necromancy
  7844 | D:7      | Reached XP level 9. HP: 39/52 MP: 12/21
  7925 | D:7      | Reached **** piety under Kikubaaqudgha
  8765 | D:8      | Learned a level 5 spell: Dispel Undead
  8995 | D:8      | Found a runed translucent door.
  8996 | D:8      | Found a shimmering altar of Xom.
  8996 | D:8      | Noticed MatthieuS's ghost (novice DENe)
  8996 | D:8      | Noticed a +1 trident of chaos
  9150 | D:8      | Reached skill level 9 in Necromancy
 10668 | D:9      | Noticed a troll
 10681 | D:9      | Killed a troll
 10681 | D:9      | Reached XP level 10. HP: 27/58 MP: 8/24
 10836 | D:9      | Noticed Erolcha
 10837 | D:9      | Reached skill level 10 in Necromancy
 10839 | D:9      | Reached skill level 5 in Fighting
 10848 | D:9      | Killed from afar by Erolcha

Levels and vault maps discovered:
D:1:      dpeg_arrival_pond, layout_basic
D:2:      layout_basic, nicolae_overflow_crystal_walls,
          gammafunk_temple_overflow_pools
D:3:      layout_basic, portal_sewer_entry_e, gammafunk_ghost_smash,
          first_ration, minmay_fractal_squares_5, uniq_ijyb, uniq_terence,
          uniq_jessica, uniq_robin
D:4:      layout_basic, doesnt_xom_only_xom, minmay_temple_entry_water_ring,
          nicolae_ossuary_entry_plus
D:5:      layout_rooms, minitemple, serial_shops, nicolae_shop_waterfront,
          serial_corexii_hall, corexii_hall_statues_l, corexii_hall_statues_x,
          corexii_hall_statues_u, corexii_hall_statues_x,
          corexii_hall_statues_u, chequers_hall_statues_wall_a,
          lemuel_statue_altar, uniq_pikel, uniq_eustachio
D:6:      layout_loops_corners, uniq_crazy_yiuf_cottage
D:7:      layout_loops_corners, serial_shops, shop, grunt_ogre_cave
D:8:      layout_loops_ring, ebering_ghost_xom, kennysheep_potato
D:9:      layout_gridville, gammafunk_ghost_hive,
          chequers_serial_rivers_micro_b, uniq_erica, uniq_erolcha
Ossuary:  ossuary_the_hunt_dpeg

Skill      XL: |  1  2  3  4  5  6  7  8  9 10 |
---------------+-------------------------------+-----
Necromancy     | 5 6 8 9 10 | 10.0
Fighting       | 1 2 3 4 5 |  5.0
Spellcasting   | 4 5 6 7 8 |  8.5
Charms         | 1 2 3 4 5 |  5.5
Stealth        | 3 4 5 6 7 |  7.8
Evocations     | 1 2 3 |  3.2
Dodging        | 3 4 5 6 |  6.9

Action                   |  1- 3 |  4- 6 |  7- 9 | 10-12 || total
-------------------------+-------+-------+-------+-------++-------
Melee: Spear             |    65 |   109 |   350 |    14 ||   538
       Unarmed           |     3 |       |       |       ||     3
       Staff             |       |    18 |     4 |       ||    22
 Cast: Pain              |    27 |    85 |   120 |    11 ||   243
       Animate Skeleton  |    14 |    17 |    25 |     3 ||    59
       Vampiric Draining |     2 |     7 |     5 |     5 ||    19
       Animate Dead      |       |     2 |    22 |       ||    24
       Regeneration      |       |     7 |     7 |       ||    14
       Dispel Undead     |       |       |     7 |     2 ||     9
       Agony             |       |       |     3 |       ||     3
Evoke: Wand              |       |       |     8 |       ||     8
  Use: Potion            |     1 |     4 |     1 |       ||     6
       Scroll            |       |    12 |    10 |     1 ||    23
 Stab: Sleeping          |     3 |     2 |    15 |       ||    20
       Distracted        |       |       |     3 |       ||     3
  Eat: Chunk             |     3 |    10 |     8 |       ||    21
       Ration            |       |       |     5 |       ||     5
Armor: Robe              |    12 |    44 |       |       ||    56
       Leather armour    |       |     8 |   103 |     7 ||   118
       Skin              |       |     4 |       |       ||     4
Dodge: Dodged            |    46 |    99 |   202 |    23 ||   370

Table legend:
 A = Non-vault XP
 B = Vault XP
 C = Vault XP percentage of total XP
 D = Non-vault monster count
 E = Vault monster count
 F = Vault count percentage of total count
                 A         B        C        D         E       F
            +---------+---------+-------+---------+---------+-------
      Total |    5054 |    1183 |  19.0 |     208 |      41 |  16.5
            +---------+---------+-------+---------+---------+-------
        D:1 |      43 |       0 |   0.0 |      22 |       0 |   0.0
        D:2 |      59 |       0 |   0.0 |      19 |       0 |   0.0
        D:3 |      71 |     184 |  72.2 |      22 |      25 |  53.2
        D:4 |     455 |       0 |   0.0 |      26 |       0 |   0.0
        D:5 |     162 |     648 |  80.0 |      12 |       2 |  14.3
        D:6 |     395 |       0 |   0.0 |      19 |       0 |   0.0
        D:7 |     896 |      56 |   5.9 |      26 |       1 |   3.7
        D:8 |    1646 |     101 |   5.8 |      46 |       3 |   6.1
        D:9 |    1327 |       0 |   0.0 |      16 |       0 |   0.0
    Ossuary |       0 |     194 | 100.0 |       0 |      10 | 100.0
            +---------+---------+-------+---------+---------+-------
